MWL (24 & UNDER)
LITTLE ROCK LEMMIWINKS @ GRIM REAPERS
09/19/2028
 
TOP OF THE 1ST
Little Rock Lemmiwinks batting - Pitching for Grim Reapers : RHP Sergio Hernández
Pitching: RHP Sergio Hernández
Batting: RHB Álex Martínez 0-0: Called Strike
0-1: Ball
1-1: Swinging Strike
1-2: Ball
2-2: Ball
3-2: Strikes out looking
Batting: LHB Stanley Smith 0-0: Ball
1-0: Fly out, F3 (Line Drive, 3)
Batting: RHB Roberto Valdéz 0-0: Swinging Strike
0-1: Called Strike
0-2: Ground out 5-3 (Groundball, 5)
Top of the 1st over - 0 run(s), 0 hit(s), 0 error(s), 0 left on base; Little Rock 0 - Grim 0
BOTTOM OF THE 1ST
Grim Reapers batting - Pitching for Little Rock Lemmiwinks : LHP Alberto Galindo
Pitching: LHP Alberto Galindo
Batting: LHB Carlos De La Rosa 0-0: Called Strike
0-1: Ball
1-1: Ball
2-1: Called Strike
2-2: Foul Ball, location: 2F
2-2: Foul Ball, location: 2F
2-2: Ball
3-2: Base on Balls
Batting: RHB Pedro López 0-0: Called Strike
Carlos De La Rosa steals 2nd base
0-1: SINGLE (Groundball, 56D)
Carlos De La Rosa to third
Runner from 3rd tries for Home, SAFE, no throw
Batting: RHB Micheal Banks 0-0: Ball
1-0: 2-RUN HOME RUN (Flyball, 7D), Distance : 402 ft
Batting: RHB Roberto Villela 0-0: Called Strike
0-1: Ball
1-1: SINGLE (Flyball, 7S)
Batting: RHB Roberto Solís 0-0: Fly out, F6 (Line Drive, 6M)
Batting: SHB Frank Grant 0-0: Ball
1-0: Called Strike
Roberto Villela steals 2nd base
1-1: Ball
2-1: Foul Ball, location: 2F
2-2: Foul Ball, location: 2F
2-2: Foul Ball, location: 2F
2-2: Ball
Wild Pitch!
Roberto Villela to third
3-2: Ground out 4-3 (Groundball, 4)
Roberto Villela scores
Batting: RHB Arthur Hopkins 0-0: SINGLE (Groundball, 56S) (infield hit)
Batting: RHB Juan Ortega 0-0: Called Strike
0-1: Ball
1-1: Ball
2-1: Foul Ball, location: 2F
2-2: SINGLE (Line Drive, 6MD)
Arthur Hopkins to second
Batting: RHB Sandro Hernández 0-0: Swinging Strike
0-1: Ball
1-1: Swinging Strike
1-2: Foul Ball, location: 2F
1-2: Foul Ball, location: 2F
1-2: Ball
2-2: Strikes out looking
Bottom of the 1st over - 4 run(s), 5 hit(s), 0 error(s), 2 left on base; Little Rock 0 - Grim 4
TOP OF THE 2ND
Little Rock Lemmiwinks batting - Pitching for Grim Reapers : RHP Sergio Hernández
Batting: LHB Horace Kramer 0-0: Called Strike
0-1: Swinging Strike
0-2: Ball
1-2: Strikes out swinging
Batting: RHB Jack Crossey 0-0: Ball
1-0: Ball
2-0: Called Strike
2-1: Foul Ball, location: 2F
2-2: Strikes out swinging
Batting: RHB Glen Madden 0-0: Ball
1-0: Ball
2-0: Called Strike
2-1: Foul Ball, location: 2F
2-2: Ball
3-2: Foul Ball, location: 2F
3-2: Strikes out swinging
Top of the 2nd over - 0 run(s), 0 hit(s), 0 error(s), 0 left on base; Little Rock 0 - Grim 4
BOTTOM OF THE 2ND
Grim Reapers batting - Pitching for Little Rock Lemmiwinks : LHP Alberto Galindo
Batting: LHB Carlos De La Rosa 0-0: Ball
1-0: Ball
2-0: Ball
3-0: Called Strike
3-1: Ground out 4-3 (Groundball, 4)
Batting: RHB Pedro López 0-0: Ball
1-0: Fly out, F7 (Flyball, 7S)
Batting: RHB Micheal Banks 0-0: Called Strike
0-1: Ball
1-1: Foul Ball, location: 2F
1-2: Ball
2-2: Strikes out swinging
Bottom of the 2nd over - 0 run(s), 0 hit(s), 0 error(s), 0 left on base; Little Rock 0 - Grim 4
TOP OF THE 3RD
Little Rock Lemmiwinks batting - Pitching for Grim Reapers : RHP Sergio Hernández
Batting: RHB Gustavo Medine 0-0: DOUBLE (Groundball, 3L)
Batting: RHB Palmer Frazier 0-0: Fly out, F7 (Line Drive, 7S)
Batting: LHB Pablo Alvarado 0-0: Ball
1-0: Ball
2-0: Ball
3-0: Called Strike
3-1: Base on Balls
Batting: RHB Álex Martínez 0-0: Called Strike
0-1: Ball
1-1: Ball
2-1: Ground out 5-3 (Groundball, 56S)
Gustavo Medine to third
Pablo Alvarado to second
Batting: LHB Stanley Smith 0-0: Ball
1-0: Ball
2-0: Called Strike
2-1: Foul Ball, location: 2F
2-2: Strikes out swinging
Top of the 3rd over - 0 run(s), 1 hit(s), 0 error(s), 2 left on base; Little Rock 0 - Grim 4
BOTTOM OF THE 3RD
Grim Reapers batting - Pitching for Little Rock Lemmiwinks : LHP Alberto Galindo
Batting: RHB Roberto Villela 0-0: Called Strike
0-1: Foul Ball, location: 2F
0-2: Ball
1-2: Ball
2-2: SINGLE (Line Drive, 6MD)
Batting: RHB Roberto Solís 0-0: Called Strike
0-1: Called Strike
0-2: Strikes out looking
Batting: SHB Frank Grant 0-0: Called Strike
0-1: Ball
1-1: Swinging Strike
1-2: Ground out 5-3 (Groundball, 56S)
Roberto Villela to second
Batting: RHB Arthur Hopkins 0-0: Ball
1-0: Ball
2-0: Called Strike
2-1: Ball
3-1: Foul Ball, location: 2F
3-2: Foul Ball, location: 2F
3-2: Foul Ball, location: 2F
3-2: Strikes out swinging
Bottom of the 3rd over - 0 run(s), 1 hit(s), 0 error(s), 1 left on base; Little Rock 0 - Grim 4
TOP OF THE 4TH
Little Rock Lemmiwinks batting - Pitching for Grim Reapers : RHP Sergio Hernández
Batting: RHB Roberto Valdéz 0-0: Called Strike
0-1: Ball
1-1: Foul Ball, location: 2F
1-2: Fly out, F7 (Flyball, 7)
Batting: LHB Horace Kramer 0-0: Called Strike
0-1: SINGLE (Groundball, 13) (infield hit)
Batting: RHB Jack Crossey 0-0: Called Strike
0-1: Ball
Horace Kramer steals 2nd base
1-1: Ball
2-1: Ball
3-1: Foul Ball, location: 2F
3-2: Foul Ball, location: 2F
3-2: Base on Balls
Batting: RHB Glen Madden 0-0: Foul Ball, location: 2F
0-1: Ball
1-1: Swinging Strike
1-2: Foul Ball, location: 2F
1-2: Strikes out swinging
Batting: RHB Gustavo Medine 0-0: Ball
1-0: Called Strike
1-1: Foul Ball, location: 2F
1-2: Ground out 5-3 (Groundball, 56)
Top of the 4th over - 0 run(s), 1 hit(s), 0 error(s), 2 left on base; Little Rock 0 - Grim 4
BOTTOM OF THE 4TH
Grim Reapers batting - Pitching for Little Rock Lemmiwinks : LHP Alberto Galindo
Batting: RHB Juan Ortega 0-0: Fly out, F9 (Flyball, 9LMF)
Batting: RHB Sandro Hernández 0-0: Foul Ball, location: 2F
0-1: Ball
1-1: Called Strike
1-2: Ground out 6-3 (Groundball, 6)
Batting: LHB Carlos De La Rosa 0-0: Called Strike
0-1: Ball
1-1: Ground out 5-3 (Groundball, 56)
Bottom of the 4th over - 0 run(s), 0 hit(s), 0 error(s), 0 left on base; Little Rock 0 - Grim 4
TOP OF THE 5TH
Little Rock Lemmiwinks batting - Pitching for Grim Reapers : RHP Sergio Hernández
Batting: RHB Palmer Frazier 0-0: Ball
1-0: Foul Ball, location: 2F
1-1: Ball
2-1: Called Strike
2-2: Strikes out swinging
Batting: LHB Pablo Alvarado 0-0: SINGLE (Groundball, 4MD)
Batting: RHB Álex Martínez 0-0: Called Strike
0-1: Ball
1-1: Foul Ball, location: 2F
1-2: Ball
2-2: Foul Ball, location: 2F
2-2: Strikes out swinging
Batting: LHB Stanley Smith 0-0: SINGLE (Groundball, 34S) (infield hit)
Pablo Alvarado to second
Batting: RHB Roberto Valdéz 0-0: Ball
1-0: Swinging Strike
1-1: Ball
2-1: Fielders Choice at 2nd, 5-4 (Groundball, 5L)
Top of the 5th over - 0 run(s), 2 hit(s), 0 error(s), 1 left on base; Little Rock 0 - Grim 4
BOTTOM OF THE 5TH
Grim Reapers batting - Pitching for Little Rock Lemmiwinks : LHP Alberto Galindo
Batting: RHB Pedro López 0-0: Ball
1-0: Called Strike
1-1: Called Strike
1-2: Ground out 4-3 (Groundball, 34D)
Batting: RHB Micheal Banks 0-0: Called Strike
0-1: DOUBLE (Flyball, 78XD)
Batting: RHB Roberto Villela 0-0: Ball
1-0: Ball
2-0: Ball
3-0: Base on Balls
Pitching: LHP José Ávila
Batting: RHB Roberto Solís 0-0: Foul Ball, location: 2F
0-1: Foul Ball, location: 2F
0-2: Ball
1-2: Foul Ball, location: 2F
1-2: Ball
2-2: Ball
3-2: Strikes out swinging
Batting: SHB Frank Grant 0-0: Ball
1-0: Swinging Strike
1-1: Foul Ball, location: 2F
1-2: Ground out 6-3 (Groundball, 6M)
Bottom of the 5th over - 0 run(s), 1 hit(s), 0 error(s), 2 left on base; Little Rock 0 - Grim 4
TOP OF THE 6TH
Little Rock Lemmiwinks batting - Pitching for Grim Reapers : RHP Sergio Hernández
Batting: LHB Horace Kramer 0-0: Ball
1-0: Called Strike
1-1: Ball
2-1: SINGLE (Flyball, 7S)
Pitching: RHP Rogerio Ibarra
Batting: RHB Jack Crossey 0-0: Called Strike
0-1: Foul Ball, location: 2F
0-2: Strikes out looking
Batting: RHB Glen Madden 0-0: Grounds into double play, 4-6-3 (Groundball, 4)
Top of the 6th over - 0 run(s), 1 hit(s), 0 error(s), 0 left on base; Little Rock 0 - Grim 4
BOTTOM OF THE 6TH
Grim Reapers batting - Pitching for Little Rock Lemmiwinks : LHP José Ávila
Batting: RHB Arthur Hopkins 0-0: Ball
1-0: Called Strike
1-1: Foul Ball, location: 2F
1-2: Strikes out swinging
Batting: RHB Juan Ortega 0-0: Swinging Strike
0-1: Fly out, F9 (Flyball, 9LD)
Batting: RHB Sandro Hernández 0-0: Ball
1-0: Ground out 6-3 (Groundball, 6S)
Bottom of the 6th over - 0 run(s), 0 hit(s), 0 error(s), 0 left on base; Little Rock 0 - Grim 4
TOP OF THE 7TH
Little Rock Lemmiwinks batting - Pitching for Grim Reapers : RHP Rogerio Ibarra
Batting: RHB Gustavo Medine 0-0: Called Strike
0-1: Foul Ball, location: 2F
0-2: Ball
1-2: Strikes out swinging
Batting: RHB Palmer Frazier 0-0: Ball
1-0: Ball
2-0: Foul Ball, location: 2F
2-1: Ball
3-1: Base on Balls
Batting: LHB Pablo Alvarado 0-0: Foul Ball, location: 2F
0-1: Foul Ball, location: 2F
0-2: Ball
1-2: Ball
2-2: Strikes out swinging
Batting: RHB Álex Martínez 0-0: Ball
1-0: Ground out 1-3 (Groundball, 15)
Top of the 7th over - 0 run(s), 0 hit(s), 0 error(s), 1 left on base; Little Rock 0 - Grim 4
BOTTOM OF THE 7TH
Grim Reapers batting - Pitching for Little Rock Lemmiwinks : LHP José Ávila
Batting: LHB Carlos De La Rosa 0-0: Called Strike
0-1: Ball
1-1: Fly out, F4 (Popup, 4MS)
Batting: RHB Pedro López 0-0: Ball
1-0: Swinging Strike
1-1: Foul Ball, location: 2F
1-2: Fly out, F7 (Flyball, 7S)
Batting: RHB Micheal Banks 0-0: Called Strike
0-1: Swinging Strike
0-2: Strikes out swinging
Bottom of the 7th over - 0 run(s), 0 hit(s), 0 error(s), 0 left on base; Little Rock 0 - Grim 4
TOP OF THE 8TH
Little Rock Lemmiwinks batting - Pitching for Grim Reapers : RHP Rogerio Ibarra
Batting: LHB Stanley Smith 0-0: Called Strike
0-1: Ball
1-1: Foul Ball, location: 2F
1-2: Ball
2-2: Strikes out swinging
Batting: RHB Roberto Valdéz 0-0: Ball
1-0: Ball
2-0: Called Strike
2-1: Ball
3-1: Foul Ball, location: 2F
3-2: Base on Balls
Batting: LHB Horace Kramer 0-0: Ball
1-0: Fly out, F9 (Flyball, 9LMF)
Batting: RHB Jack Crossey 0-0: Swinging Strike
0-1: Ball
1-1: Foul Ball, location: 2F
1-2: Strikes out looking
Top of the 8th over - 0 run(s), 0 hit(s), 0 error(s), 1 left on base; Little Rock 0 - Grim 4
BOTTOM OF THE 8TH
Grim Reapers batting - Pitching for Little Rock Lemmiwinks : LHP José Ávila
Batting: RHB Roberto Villela 0-0: Ball
1-0: Ball
2-0: Ground out 6-3 (Groundball, 6)
Batting: RHB Roberto Solís 0-0: Ball
1-0: Swinging Strike
1-1: Ball
2-1: Ball
3-1: Foul Ball, location: 2F
3-2: Base on Balls
Batting: SHB Frank Grant 0-0: Ball
1-0: Ball
2-0: Called Strike
2-1: Called Strike
2-2: Foul Ball, location: 2F
2-2: Foul Ball, location: 2F
2-2: Ball
3-2: Foul Ball, location: 2F
3-2: Strikes out swinging
Batting: RHB Arthur Hopkins 0-0: SINGLE (Groundball, 56D)
Roberto Solís to second
Batting: RHB Juan Ortega 0-0: Called Strike
0-1: Ball
1-1: Ball
2-1: Ball
3-1: Fly out, F8 (Flyball, 8LS)
Bottom of the 8th over - 0 run(s), 1 hit(s), 0 error(s), 2 left on base; Little Rock 0 - Grim 4
TOP OF THE 9TH
Little Rock Lemmiwinks batting - Pitching for Grim Reapers : RHP Rogerio Ibarra
Batting: RHB Glen Madden 0-0: Ground out 5-3 (Groundball, 5)
Batting: RHB Gustavo Medine 0-0: Ball
1-0: Foul Ball, location: 2F
1-1: Foul Ball, location: 2F
1-2: Strikes out swinging
Batting: RHB Palmer Frazier 0-0: Called Strike
0-1: SINGLE (Groundball, 56D)
Batting: LHB Pablo Alvarado 0-0: Ball
1-0: Ground out 1-3 (Groundball, P)
Top of the 9th over - 0 run(s), 1 hit(s), 0 error(s), 1 left on base; Little Rock 0 - Grim 4
Tuesday, August 8th, 2017 - OOTP Baseball 17.12 Build 75